 Dungeon Crawl Stone Soup version 0.26.0-10-g1f06aea511 (webtiles) character file.

Game seed: 7303045675967316850

77 Borgoz the Slasher (level 4, -6/37 HPs)
             Began as a Ghoul Gladiator on Jan 14, 2021.
             Mangled by Sigmund
             ... wielding a +0 scythe
              (9 damage)
             ... on level 2 of the Dungeon.
             The game lasted 00:02:52 (1634 turns).

Borgoz the Slasher (Ghoul Gladiator)                Turns: 1634, Time: 00:02:52

Health: -6/37      AC:  6    Str: 17    XL:     4   Next: 33%
Magic:  3/3        EV: 11    Int:  3    God:
Gold:   84         SH:  0    Dex: 11    Spells: 3/3 levels left

rFire    . . .     SeeInvis .   a - +0 long sword
rCold    + . .     Faith    .   (no shield)
rNeg     + + +     Spirit   .   i - +0 ring mail
rPois    ∞         Reflect  .   c - +0 helmet
rElec    .         Harm     .   (no cloak)
rCorr    .         Rampage  .   (no gloves)
Will     .....                  (no boots)
Stlth    +.........             (no amulet)
HPRegen  0.00/turn              (no ring)
MPRegen  0.08/turn              (no ring)

@: no status effects
A: claws 1, cold resistance 1, negative energy resistance 3, inhibited
regeneration, torment resistance, unbreathing
a: no special abilities


You were on level 2 of the Dungeon.
You visited 1 branch of the dungeon, and saw 2 of its levels.

You collected 84 gold pieces.

Inventory:

Hand Weapons
 a - a +0 long sword (weapon)
Armour
 c - a +0 helmet (worn)
 i - a +0 ring mail (worn)
Jewellery
 e - an uncursed ring of fire
Scrolls
 b - a scroll of immolation {unknown}
 f - a scroll of teleportation {unknown}
 g - 3 scrolls of identify
 h - a scroll of remove curse


   Skills:
 + Level 2.8 Fighting
 * Level 3.5 Long Blades
 - Level 1.7 Throwing
 * Level 2.0 Armour
 - Level 2.7 Dodging


You had 3 spell levels left.
You didn't know any spells.
Your spell library was empty.

Dungeon Overview and Level Annotations

Branches:
Dungeon (2/15)

Altars:

Annotations:
D:2 Sigmund


Innate Abilities, Weirdness & Mutations

You thrive by killing the living.
You are immune to poison.
You have sharp fingernails.
Your flesh is cold resistant. (rC+)
You are immune to negative energy. (rN+++)
You do not regenerate when monsters are visible.
You are immune to unholy pain and torment.
You can survive without breathing.


Message History

You hit Sigmund.
Sigmund is heavily wounded.
Sigmund closely misses you.
You aren't carrying any items that you can evoke.
You hit Sigmund but do no damage.
Sigmund is heavily wounded.
Sigmund points at you and mumbles some strange words.
The puff of flame hits you.
* * * LOW HITPOINT WARNING * * *
You hit Sigmund.
Sigmund is severely wounded.
Sigmund gestures at you while chanting. You resist with some effort.
You hit Sigmund but do no damage.
Sigmund is severely wounded.
Sigmund drinks a potion.
Sigmund is healed!
You barely miss Sigmund.
Sigmund is moderately wounded.
Sigmund hits you with a +0 scythe!
You die...

###........##
#.>................
#####.
..########.#....
#.....
..##.....#.#....
#.....
..###.#.##.#....
#..... #.#
#......#.... #.....
#.# #....###....
#....##.# #...........
#(..@@..###.......#+##
#....##...#.......+ ##
###+#.......###...###.
#.#.######........
#.#...####........
#........#........ #.
###........#........
##.
#..........#.......#
....
#..........#........


You could see Sigmund.

Vanquished Creatures
  2 adders
  2 oozes
  A worm (D:2)
  3 leopard geckos (D:1)
  A ball python (D:2)
  3 bats
  3 giant cockroaches
  3 goblins
  6 hobgoblins
  4 jackals (D:1)
  A quokka (D:2)
  8 kobolds
  5 rats
42 creatures vanquished.

Vanquished Creatures (others)
  A plant (D:1)
1 creature vanquished.

Grand Total: 43 creatures vanquished

Notes
Turn   | Place    | Note
-------+----------+-------------------------------------------
     0 | D:1      | Borgoz the Ghoul Gladiator began the quest for the Orb.
     0 | D:1      | Reached XP level 1. HP: 17/17 MP: 0/0
   292 | D:1      | Reached XP level 2. HP: 18/25 MP: 1/1
   385 | D:1      | Reached skill level 3 in Long Blades
   387 | D:1      | Reached skill level 1 in Armour
   502 | D:1      | Reached XP level 3. HP: 17/30 MP: 2/2
  1378 | D:2      | Reached XP level 4. HP: 37/37 MP: 3/3
  1616 | D:2      | Noticed Sigmund
  1634 | D:2      | Mangled by Sigmund

Illustrated notes

Levels and vault maps discovered:
D:1:      tarquinn_simple_flora_water_b, layout_rooms
D:2:      cheibrodos_greedy_goblins, layout_basic, uniq_sigmund

Skill      XL: |  1  2  3  4 |
---------------+-------------+-----
Long Blades    | 3 |  3.5
Armour         | 1 2 |  2.0
Fighting       | |  2.8
Throwing       | |  1.7
Dodging        | |  2.7

Action                   |  1- 3 |  4- 6 || total
-------------------------+-------+-------++-------
Melee: Long sword        |    67 |    25 ||    92
Throw: Throwing net      |     1 |     3 ||     4
  Use: Scroll            |     4 |       ||     4
 Stab: Held in net/web   |     1 |     1 ||     2
Armor: Leather armour    |    28 |     3 ||    31
       Ring mail         |       |     5 ||     5
Dodge: Dodged            |    48 |    11 ||    59
       Rpst.: Long sword |    22 |     4 ||    26
